 Dungeon Crawl Stone Soup version 0.22.1-1-ga44c0e5 (webtiles) character file.

19 Tr0llz0r the Magician (level 2, -1/23 HPs)
             Began as a Gnoll Wanderer on Oct 25, 2018.
             Slain by a frilled lizard (3 damage)
             ... on level 1 of the Dungeon.
             The game lasted 00:03:19 (923 turns).

Tr0llz0r the Magician (Gnoll Wanderer)               Turns: 923, Time: 00:03:20

Health: -1/23      AC:  2    Str: 13    XL:     2   Next: 75%
Magic:  10/10      EV: 11    Int: 16    God:
Gold:   9          SH:  0    Dex: 13    Spells: 15/15 levels left

rFire    . . .     SeeInvis .   h - -1 whip (curse)
rCold    . . .     Gourm    .   (no shield)
rNeg     . . .     Faith    .   d - +0 robe
rPois    .         Spirit   .   (no helmet)
rElec    .         Reflect  .   (no cloak)
rCorr    .         Harm     .   (no gloves)
MR       .....                  (no boots)
Stlth    +++.......             (no amulet)
HPRegen  0.07/turn              (no ring)
MPRegen  0.12/turn              (no ring)

@: no status effects
A: distributed training, fangs 1, strong nose
a: no special abilities


You were on level 1 of the Dungeon.
You were not hungry.

You visited 1 branch of the dungeon, and saw 1 of its levels.

You collected 9 gold pieces.

Inventory:

Hand Weapons
 a - a +2 short sword
 b - a +0 falchion
 e - a +0 dagger
 h - a cursed -1 whip (weapon)
Missiles
 g - a stone (quivered)
 i - 6 tomahawks
Armour
 d - a +0 robe (worn)
Scrolls
 c - a scroll of teleportation
Comestibles
 f - a ration


   Skills:
 + Level 2.5 Fighting
 + Level 4.5 Short Blades
 + Level 0.5 Long Blades
 + Level 0.5 Axes
 + Level 0.5 Maces & Flails
 + Level 0.5 Polearms
 + Level 0.5 Staves
 + Level 0.5 Slings
 + Level 0.5 Bows
 + Level 0.5 Crossbows
 + Level 2.5 Throwing
 + Level 0.5 Armour
 + Level 0.5 Dodging
 + Level 4.1 Stealth
 + Level 2.5 Shields
 + Level 0.5 Unarmed Combat
 + Level 7.1 Spellcasting
 + Level 0.3 Conjurations
 + Level 0.3 Hexes
 + Level 0.3 Charms
 + Level 0.3 Summonings
 + Level 0.3 Necromancy
 + Level 0.3 Translocations
 + Level 0.3 Transmutations
 + Level 0.3 Fire Magic
 + Level 0.3 Ice Magic
 + Level 0.3 Air Magic
 + Level 0.3 Earth Magic
 + Level 0.3 Poison Magic
 + Level 0.6 Invocations
 + Level 0.5 Evocations


You had 15 spell levels left.
You didn't know any spells.
Your spell library was empty.

Dungeon Overview and Level Annotations

Branches:
Dungeon (1/15)

Altars:


Innate Abilities, Weirdness & Mutations

Your experience applies equally to all skills.
You have very sharp teeth.
Your uncanny sense of smell can sniff out nearby items.


Message History

You kill the bat!
The jackal barely misses you. The jackal closely misses you.
The frilled lizard bites you.
* * * LOW HITPOINT WARNING * * *
The hobgoblin misses you.
You miss the jackal. Your bite misses the jackal.
The jackal is lightly wounded.
The jackal barely misses you. The jackal closely misses you.
The jackal misses you. The jackal bites you.
* * * LOW HITPOINT WARNING * * *
The frilled lizard barely misses you. The hobgoblin closely misses you.
The jackal bites you but does no damage.
There is an open door here.
You see here a bat corpse.
You closely miss the jackal.
The jackal is lightly wounded.
The jackal closely misses you. The jackal bites you.
* * * LOW HITPOINT WARNING * * *
The frilled lizard bites you.
You die...

#.# #### #.......#
#.# #... #.......#
#.# #.## #.......#
#.# #.## #.......#
#.# #... #.......#
#.# #### #.......#
#.# #.
#......h#########.#
#.
......gh@.........#
#.
.......l###########
#. .#....w## #.
....... # #.
##.####
##########.# #. ..
...........# #. #
####....######.
#....'......
#...)#######


You could see a dart slug, 2 jackals, a hobgoblin and a frilled lizard.

Vanquished Creatures
  A giant cockroach (D:1)
  3 goblins (D:1)
  A hobgoblin (D:1)
  3 bats (D:1)
  A frilled lizard (D:1)
  4 kobolds (D:1)
  6 rats (D:1)
19 creatures vanquished.

Notes
Turn   | Place    | Note
-------+----------+-------------------------------------------
     0 | D:1      | Tr0llz0r the Gnoll Wanderer began the quest for the Orb.
     0 | D:1      | Tr0llz0r set off with: a +2 short sword, a +0 falchion, a
                  | scroll of teleportation, a +0 robe, a +0 dagger, a ration
     0 | D:1      | Reached XP level 1. HP: 17/17 MP: 8/8
   343 | D:1      | Reached XP level 2. HP: 19/23 MP: 10/10
   923 | D:1      | Slain by a frilled lizard

Action                   || total
-------------------------++-------
Melee: Whip              ||    78
       Falchion          ||    11
       Bite              ||     9
  Use: Scroll            ||     3
 Stab: Sleeping          ||     3
Armor: Robe              ||    25
Dodge: Dodged            ||    79
       Rpst.: Falchion   ||     1
